 Dungeon Crawl Stone Soup version 0.31-a0-360-gb3e1d13bf4 (webtiles) character file.

Game seed: 281767671458002360

1841 randomguy2701 the Cleaver (level 8, -2/71 HPs)
             Began as a Minotaur Fighter on July 27, 2023.
             Was a Believer of Jiyva.
             Killed from afar by an electric eel (9 damage)
             ... with a bolt of electricity
             ... on level 7 of the Dungeon.
             The game lasted 00:10:09 (6593 turns).

randomguy2701 the Cleaver (Minotaur Fighter)        Turns: 6593, Time: 00:10:09

Health: -2/71      AC: 13    Str: 21    XL:     8   Next: 87%
Magic:  7/7        EV:  9    Int:  5    God:    Jiyva [**....]
Gold:   458        SH:  5    Dex: 12    Spells: 7/7 levels left

rFire   . . .        D - +1 hand axe (elec)
rCold   + . .        c - +0 buckler
rNeg    . . .        a - +0 chain mail
rPois   .            (helmet restricted)
rElec   .            (no cloak)
rCorr   +            g - +0 pair of gloves
SInv    .            p - +0 pair of boots
Will    +....        (no amulet) Stlth
                     t - ring of willpower
HPRegen 1.27/turn    w - ring of protection from cold
MPRegen 0.40/turn

%: no passive effects
@: no status effects
A: horns 2, retaliatory headbutt
a: Renounce Religion


You were on level 7 of the Dungeon.
You worshipped Jiyva.
Jiyva was pleased with you.
You visited 1 branch of the dungeon, and saw 7 of its levels.

You collected 458 gold pieces.

Inventory:

Hand Weapons
 D - a +1 hand axe of electrocution (weapon)
Armour
 a - a +0 chain mail (worn)
 c - a +0 buckler (worn)
 g - a +0 pair of gloves (worn)
 p - a +0 pair of boots (worn)
Jewellery
 e - an amulet of magic regeneration
 t - a ring of willpower (left hand)
 w - a ring of protection from cold (right hand)
Wands
 u - a wand of roots (7)
 y - a wand of charming (10)
Scrolls
 i - 3 scrolls of teleportation
 j - a scroll of brand weapon {unknown}
 m - 3 scrolls of noise {unknown}
 o - a scroll of fear {unknown}
 q - a scroll of fog {unknown}
 s - 2 scrolls of enchant weapon
 x - a scroll of immolation {unknown}
 z - a scroll of identify
 B - a scroll of vulnerability {unknown}
 C - a scroll of revelation {unknown}
Potions
 d - 3 potions of might
 f - a potion of enlightenment {unknown}
 h - 6 potions of heal wounds
 k - 2 potions of mutation {unknown}
 l - 5 potions of curing
 n - 2 potions of degeneration
 r - 2 potions of attraction {unknown}
 v - 2 potions of haste {unknown}
 A - a potion of lignification {unknown}


   Skills:
 + Level 6.9 Fighting
 + Level 9.4 Axes
 + Level 7.3 Armour
 + Level 2.3 Dodging
 + Level 0.8 Stealth
 + Level 5.8 Shields


You had 7 spell levels left.
You didn't know any spells.
Your spell library contained the following spells:

 Spells                   Type           Power      Damage    Failure   Level
 Shock                    Conj/Air       0%         1d3       98%         1
 Sting                    Tmut/Pois      0%         1d3       98%         1
 Cigotuvi's Dreadful Rot  Necr/Pois/Air  0%         N/A       99%         2
 Passwall                 Tmut/Erth      0%         N/A       99%         2
 Poisonous Vapours        Pois/Air       0%         N/A       99%         2
 Ignite Poison            Fire/Tmut/Pois 0%         N/A       100%        3
 Ozocubu's Armour         Ice            0%         N/A       100%        3
 Swiftness                Air            0%         N/A       100%        3
 Airstrike                Air            0%         2d(0-16)  100%        4
 Dispel Undead            Necr           0%         3d6       100%        4
 Olgreb's Toxic Radiance  Pois           0%         N/A       100%        4
 Summon Lightning Spire   Summ/Air       0%         N/A       100%        4
 Fireball                 Conj/Fire      0%         3d3       100%        5
 Freezing Cloud           Conj/Ice/Air   0%         6-21      100%        5
 Iskenderun's Battlesphe  Conj           0%         2d6       100%        5
 Metabolic Englaciation   Hex/Ice        0%         N/A       100%        5
 Conjure Ball Lightning   Conj/Air       0%         3x3d6     100%        6
 Death Channel            Necr           0%         N/A       100%        6
 Simulacrum               Ice/Necr       0%         N/A       100%        6
 Orb of Destruction       Conj           0%         9d5       100%        7
 Chain Lightning          Conj/Air       0%         N/A       100%        9


Dungeon Overview and Level Annotations

Branches:
Dungeon (7/15)             Temple (0/1) D:7

Altars:
Cheibriados
Elyvilon
Nemelex Xobeh
Okawaru
Ru
Sif Muna
Uskayaw
Vehumet
Yredelemnul
The Shining One
Jiyva

Shops:
D:3 *

Annotations:
D:5 1 runed translucent door, epsilonplus's ghost, novice DrSh


Innate Abilities, Weirdness & Mutations

You have a pair of horns on your head.
You reflexively headbutt those who attack you in melee.


Message History

You are too injured to fight recklessly!
You miss the electric eel.
The electric eel is heavily wounded.
You hit the electric eel. Your headbutt misses the electric eel.
The electric eel is severely wounded.
The electric eel shoots out a bolt of lightning at you!
The bolt of electricity hits the electric eel.
The electric eel completely resists.
The bolt of electricity misses you.
The electric eel shoots out a bolt of lightning at you!
The bolt of electricity hits the electric eel.
The electric eel completely resists.
The bolt of electricity misses you.
You barely miss the electric eel.
The electric eel is severely wounded.
The electric eel shoots out a bolt of lightning at you!
The bolt of electricity misses the electric eel.
The bolt of electricity misses you.
You hit the electric eel. Your headbutt misses the electric eel.
The electric eel is almost dead.
The electric eel shoots out a bolt of lightning at you!
The bolt of electricity hits the electric eel.
The electric eel completely resists.
The bolt of electricity hits you.
The electric eel shoots out a bolt of lightning at you!
The bolt of electricity hits you!
You hear a shout!
You hit the electric eel but do no damage.
The electric eel is almost dead.
You barely miss the electric eel. Your headbutt misses the electric eel.
The electric eel is almost dead.
The electric eel shoots out a bolt of lightning at you!
The bolt of electricity misses the electric eel.
The bolt of electricity hits you!
* * * LOW HITPOINT WARNING * * *
The electric eel shoots out a bolt of lightning at you!
The bolt of electricity hits the electric eel.
The electric eel completely resists.
The bolt of electricity hits you!
* * * LOW HITPOINT WARNING * * *
The electric eel shoots out a bolt of lightning at you!
The bolt of electricity hits the electric eel.
The electric eel completely resists.
The bolt of electricity hits you!
You die...

♣§§..# ~~≈≈≈≈ ..≈..## ~
J≈≈≈ ♣.≈...######.##
♣~~~≈≈≈ ♣.≈...........
~♣~S~≈≈ ♣.≈..#######.#
~~~~≈ ..≈.##
####.######~S~ ≈≈≈§#
#..........S♣ ....#
#........#.#♣♣P~~ #####
#.>.....@...~~~~♣
#########........~..#~~~~~
....................# ~~~~
#########......~....# ~~~
#......~.~..# P~
#####..~.....# ~
#..~.###... ###### ####


You could see 3 electric eels.

Vanquished Creatures
  An ice beast (D:7)
  2 black bears
  4 ogres
  A kobold brigand (D:7)
  4 scorpions
  4 jellies
  A gnoll bouda (D:4)
  4 hounds
  4 sleepcaps
  2 iguanas
  Ijyb (D:5)
  5 orc wizards
  14 gnolls
  7 adders
  3 white imps
  2 ufetubi (D:5)
  A worm (D:2)
  6 dart slugs
  15 orcs
  3 bats (D:1)
  8 endoplasms
  2 giant cockroaches
  5 hobgoblins
  5 jackals
  18 kobolds
  6 quokkas
  9 ball pythons
  A frilled lizard (D:3)
  A goblin (D:1)
  A rat (D:3)
140 creatures vanquished.

Notes
Turn   | Place    | Note
-------+----------+-------------------------------------------
     0 | D:1      | randomguy2701 the Minotaur Fighter began the quest for the
                  | Orb.
     0 | D:1      | Reached XP level 1. HP: 19/19 MP: 0/0
    51 | D:1      | Reached XP level 2. HP: 27/27 MP: 1/1
   213 | D:1      | Reached XP level 3. HP: 33/33 MP: 2/2
   246 | D:1      | Reached skill level 3 in Axes
  1127 | D:3      | Found Udur's General Store.
  1271 | D:3      | Reached XP level 4. HP: 35/40 MP: 3/3
  1299 | D:3      | Got Sif Muna's Almanac of Fluctuating Nephomancy
  1418 | D:3      | Found a faded altar of an unknown god.
  2297 | D:4      | Reached skill level 4 in Axes
  2387 | D:4      | Reached XP level 5. HP: 34/46 MP: 4/4
  2915 | D:4      | Reached skill level 5 in Fighting
  2920 | D:4      | Reached XP level 6. HP: 14/56 MP: 5/5
  2952 | D:4      | Reached skill level 5 in Axes
  3474 | D:5      | Entered Level 5 of the Dungeon
  3506 | D:5      | Reached skill level 5 in Armour
  3506 | D:5      | Reached skill level 1 in Dodging
  3750 | D:5      | Found a runed translucent door.
  3750 | D:5      | Noticed epsilonplus's ghost (novice DrSh)
  4023 | D:5      | Reached XP level 7. HP: 60/61 MP: 6/6
  4103 | D:5      | Reached skill level 6 in Axes
  4294 | D:5      | Noticed Ijyb
  4302 | D:5      | Killed Ijyb
  4719 | D:5      | Reached skill level 5 in Shields
  4781 | D:5      | Reached skill level 7 in Axes
  4944 | D:5      | Reached XP level 8. HP: 27/70 MP: 7/7
  5361 | D:6      | Found a sparkling altar of Nemelex Xobeh.
  5539 | D:6      | Reached skill level 8 in Axes
  5607 | D:6      | Found a sacrificial altar of Ru.
  5607 | D:6      | Found a glowing golden altar of the Shining One.
  5607 | D:6      | Found a shimmering blue altar of Sif Muna.
  5771 | D:6      | Found a white marble altar of Elyvilon.
  5773 | D:6      | Found an iron altar of Okawaru.
  5834 | D:6      | Found a basalt altar of Yredelemnul.
  5835 | D:6      | Found a hide-covered altar of Uskayaw.
  5995 | D:3      | Prayed at the altar of an unknown god.
  5995 | D:3      | Became a worshipper of Jiyva Jusyka the Shapeless
  5995 | D:3      | Reached * piety under Jiyva
  6099 | D:7      | Found a snail-covered altar of Cheibriados.
  6152 | D:7      | Reached skill level 9 in Axes
  6180 | D:7      | Found a radiant altar of Vehumet.
  6230 | D:7      | Found a staircase to the Ecumenical Temple.
  6387 | D:7      | Reached ** piety under Jiyva
  6593 | D:7      | Killed from afar by an electric eel

Illustrated notes

Levels and vault maps discovered:
D:1:      scummos_arrival_simple_crosswalls, layout_rooms, kennysheep_doodads
D:2:      layout_basic
D:3:      layout_loops_ring, serial_shops, shop_fountains,
          shapermc_ecumenical_altar_starsandcircs
D:4:      layout_loops_corners, supply_closet_lemuel, saegor_snake_ambush
D:5:      layout_loops_ring, hellmonk_ghost_happy_afterlife,
          minmay_joined_circles, uniq_ijyb
D:6:      layout_loops_ring, nicolae_overflow_hidden_temple,
          mainiacjoe_overflow_concentric_impassable,
          gammafunk_temple_overflow_claw
D:7:      layout_rooms, mainiacjoe_overflow_brackets, vehumet_crystals,
          minmay_temple_entry_junction_2, serial_rivers,
          chequers_serial_rivers_micro_a, chequers_serial_rivers_micro_c,
          chequers_serial_rivers_micro_e, chequers_serial_rivers_micro_e,
          chequers_serial_rivers_small_3, serial_bayou_lake_a,
          uniq_crazy_yiuf_cottage

Skill      XL: |  1  2  3  4  5  6  7  8 |
---------------+-------------------------+-----
Shields        | 4 5 |  5.8
Fighting       | 4 5 6 |  6.9
Axes           | 3 4 5 7 9 |  9.4
Armour         | 4 5 6 7 |  7.3
Dodging        | 1 2 |  2.3
Stealth        | |  0.8

Action                     |  1- 3 |  4- 6 |  7- 9 || total
---------------------------+-------+-------+-------++-------
  Melee: War axe           |    68 |   126 |   138 ||   332
         Headbutt          |    14 |    16 |    33 ||    63
         Hand axe          |       |       |     9 ||     9
    Use: Scroll            |       |       |     5 ||     5
 Armour: Scale mail        |    40 |    57 |    53 ||   150
  Dodge: Dodged            |    23 |    88 |    63 ||   174
  Block: Buckler           |    11 |    35 |    43 ||    89

Table legend: (Time is in decaauts)
 A = Elapsed time spent in this place.
 B = Non-inter-level travel time spent in this place.
 C = Inter-level travel time spent in this place.
 D = Time resting spent in this place.
 E = Time spent auto-exploring this place.
 F = Levels seen in this place.
 G = Mean time per level.
                   A        B        C        D        E       F      G
               +--------+--------+--------+--------+--------+-----+--------+
         Total |   6703 |   5988 |    715 |    389 |   4580 |   7 |  957.6 |
       Dungeon |   6703 |   5988 |    715 |    389 |   4580 |   7 |  957.6 |
               +--------+--------+--------+--------+--------+-----+--------+

Top non-repeatable levels by time:
     D:4: 1779 daAuts
     D:5: 1563 daAuts
     D:3: 986 daAuts
     D:6: 759 daAuts
     D:2: 657 daAuts
     D:1: 539 daAuts
     D:7: 418 daAuts
